 Dungeon Crawl Stone Soup version 0.30.1-4-g462c640d31 (webtiles) character file.

Game seed: 2381675365649078494

162 Zeor the Poker (level 5, -8/42 HPs)
             Began as a Draconian Gladiator on Aug 10, 2023.
             Succumbed to a water moccasin's poison
             ... on level 4 of the Dungeon.
             The game lasted 00:07:10 (2212 turns).

Zeor the Poker (Draconian Gladiator)                Turns: 2212, Time: 00:07:11

Health: -8/42      AC:  5    Str: 16    XL:     5   Next: 19%
Magic:  5/5        EV: 14    Int:  8    God:
Gold:   156        SH:  5    Dex: 21    Spells: 4/4 levels left

rFire   . . .        a - +0 trident
rCold   + . .        (no shield)
rNeg    . . .        (body armour unavailable)
rPois   .            b - +0 hat
rElec   .            (no cloak)
rCorr   .            (no gloves)
SInv    .            (no boots)
Will    .....        j - amulet of reflection
Stlth   ++           f - ring of protection from cold
HPRegen 0.27/turn    m - +6 ring of dexterity
MPRegen 0.09/turn

%: reflection
@: lethally poisoned (-8 -> -58)
A: AC +5, unfitting armour, cold-blooded
a: no special abilities


You were on level 4 of the Dungeon.
You visited 1 branch of the dungeon, and saw 4 of its levels.

You collected 156 gold pieces.

Inventory:

Hand Weapons
 a - a +0 trident (weapon)
 i - a +2 heavy flail
Missiles
 c - 5 throwing nets (quivered)
 d - a javelin
Armour
 b - a +0 hat (worn)
Jewellery
 f - a ring of protection from cold (left hand)
 j - an amulet of reflection (around neck)
 m - a +6 ring of dexterity (right hand)
Scrolls
 e - 3 scrolls of amnesia
 g - 4 scrolls of identify
 l - a scroll of magic mapping
Potions
 h - a potion of cancellation
 k - a potion of curing


   Skills:
 + Level 2.7 Fighting
 + Level 4.6 Polearms
 + Level 1.8 Throwing
 * Level 3.7 Dodging
 + Level 1.2 Stealth


You had 4 spell levels left.
You didn't know any spells.
Your spell library contained the following spells:

 Spells                   Type           Power      Damage    Failure   Level
 Beastly Appendage        Tmut           0%         N/A       41%         1
 Wereblood                Tmut           0%         N/A       54%         2
 Portal Projectile        Hex/Tloc       0%         N/A       78%         3
 Spider Form              Tmut/Pois      0%         N/A       78%         3
 Tukima's Dance           Hex            0%         N/A       78%         3
 Blade Hands              Tmut           0%         N/A       100%        5


Dungeon Overview and Level Annotations

Branches:
Dungeon (4/15)
 Temple: D:4-7

Altars:


Innate Abilities, Weirdness & Mutations

Your plain brown scales are hard. (AC +5)
You cannot fit into any form of body armour.
You are cold-blooded and may be slowed by cold attacks.


Message History

Sorry, you're not good enough to have a special ability.
You aren't carrying any items that you can evoke.
Okay, then.
Okay, then.
Okay, then.
Press: ? - help, v - describe, . - travel, g - get item Item here: a runed cloak.
The floor.
You closely miss the adder. The water moccasin bites you.
You are poisoned.
The water moccasin poisons you! The gnoll closely misses you.
The adder closely misses you.
You hit the adder.
The adder is heavily wounded.
You feel very sick. The water moccasin bites you! You block the adder's attack.
You block the gnoll's attack. The gnoll barely misses you.
The water moccasin closely misses you. The adder barely misses you.
You hit the water moccasin.
The water moccasin is lightly wounded.
You feel sick. The water moccasin bites you.
You are lethally poisoned!
The water moccasin poisons you! The gnoll closely misses you.
You block the gnoll's attack. The adder closely misses you.
You closely miss the water moccasin.
You tail-slap the water moccasin, but do no damage.
The water moccasin is lightly wounded.
You feel very sick. The water moccasin bites you.
* * * LOW HITPOINT WARNING * * *
You are more poisoned.
The water moccasin poisons you! The gnoll barely misses you.
You block the gnoll's attack. The adder bites you.
* * * LOW HITPOINT WARNING * * *
The water moccasin bites you.
* * * LOW HITPOINT WARNING * * *
You are more poisoned.
The water moccasin poisons you!
Enter note: hahahaha You die... ∙∙ ∙∙ ∙∙∙ ∙▒▒∙ ∙∙∙∙ ∙∙∙▒▒ ∙[[ ∙∙∙∙ ∙▒∙▒∙∙ ∙∙∙∙∙∙

▒∙∙∙▒∙ ∙▒∙∙∙▒∙▒∙▒∙∙∙▒∙▒
▒∙▒∙▒∙ ∙∙∙∙∙∙∙∙∙▒∙▒∙▒∙∙
∙∙∙∙∙∙▒▒∙∙∙∙∙▒▒∙∙∙∙∙∙∙▒
▒∙∙∙∙∙∙∙?∙∙∙∙∙!∙▒∙∙∙∙
▒∙∙∙S▒∙▒▒▒∙▒∙∙∙∙▒∙∙∙∙
▒∙∙∙dSg∙∙∙∙∙∙∙∙∙▒∙∙∙∙
∙∙∙∙∙∙g▒▒g∙∙∙∙▒▒∙∙∙∙∙∙∙▒
∙▒∙▒∙▒∙∙∙∙∙∙∙∙∙∙∙▒∙▒S▒∙∙
∙∙ ▒∙▒∙▒∙∙∙▒∙▒∙▒∙∙∙▒∙▒
/∙∙ ∙∙∙∙∙▒∙▒∙▒∙∙∙∙∙∙∙∙∙∙
▒∙ ∙∙∙▒▒∙∙∙∙∙∙∙▒▒∙∙∙∙†▒▒
∙ ∙∙∙∙∙∙∙∙▒∙∙∙∙∙∙∙∙∙∙∙∙
▒∙▒∙∙∙g▒∙∙∙∙▒∙▒▒▒∙▒∙


∙∙∙∙ ▒∙∙∙∙∙∙∙ ∙∙∙∙ You could see a water moccasin, 2 gnolls, an adder and a
goblin.

Vanquished Creatures
  6 adders
  4 gnolls (D:3)
  8 orcs
  7 ball pythons
  3 bats
  8 endoplasms
  A giant cockroach (D:2)
  8 goblins
  2 hobgoblins
  3 quokkas
  5 frilled lizards
  4 kobolds
  5 rats
64 creatures vanquished.

Notes
Turn   | Place    | Note
-------+----------+-------------------------------------------
     0 | D:1      | Zeor the Draconian Gladiator began the quest for the Orb.
     0 | D:1      | Reached XP level 1. HP: 17/17 MP: 1/1
   177 | D:1      | Reached XP level 2. HP: 20/24 MP: 2/2
   339 | D:1      | Found a faded altar of an unknown god.
   551 | D:2      | Reached XP level 3. HP: 13/29 MP: 3/3
  1033 | D:2      | Reached skill level 4 in Polearms
  1033 | D:2      | Reached XP level 4. HP: 37/37 MP: 4/4
  1481 | D:3      | Reached skill level 1 in Stealth
  1516 | D:3      | Reached XP level 5. HP: 42/42 MP: 5/5
  2191 | D:4      | Noticed a water moccasin
  2212 | D:4      | hahahaha
  2212 | D:4      | Succumbed to a water moccasin's poison

Illustrated notes ∙∙ ∙∙ ∙∙∙ ∙▒▒∙ ∙∙∙∙ ∙∙∙▒▒ ∙[[ ∙∙∙∙ ∙▒∙▒∙∙ ∙∙∙∙∙∙

▒∙∙∙▒∙ ∙▒∙∙∙▒∙▒∙▒∙∙∙▒∙▒
▒∙▒∙▒∙ ∙∙∙∙∙∙∙∙∙▒∙▒∙▒∙∙
∙∙∙∙∙∙▒▒∙∙∙∙∙▒▒∙∙∙∙∙∙∙▒
▒∙∙∙∙∙∙∙?∙∙∙∙∙!∙▒∙∙∙∙
▒∙∙∙S▒∙▒▒▒∙▒∙∙∙∙▒∙∙∙∙
▒∙∙∙dSg∙∙∙∙∙∙∙∙∙▒∙∙∙∙
∙∙∙∙∙∙g▒▒g∙∙∙∙▒▒∙∙∙∙∙∙∙▒
∙▒∙▒∙▒∙∙∙∙∙∙∙∙∙∙∙▒∙▒S▒∙∙
∙∙ ▒∙▒∙▒∙∙∙▒∙▒∙▒∙∙∙▒∙▒
/∙∙ ∙∙∙∙∙▒∙▒∙▒∙∙∙∙∙∙∙∙∙∙
▒∙ ∙∙∙▒▒∙∙∙∙∙∙∙▒▒∙∙∙∙†▒▒
∙ ∙∙∙∙∙∙∙∙▒∙∙∙∙∙∙∙∙∙∙∙∙
▒∙▒∙∙∙g▒∙∙∙∙▒∙▒▒▒∙▒∙


∙∙∙∙ ▒∙∙∙∙∙∙∙ ∙∙∙∙ Turn 2212 on D:4: hahahaha

Levels and vault maps discovered:
D:1:      wander_arrival_desolate, layout_basic, basic_ecumenical_altar
D:2:      layout_loops_ring
D:3:      layout_basic, nicolae_kite_square_tiling_tiny,
          chequers_serial_rivers_marsh
D:4:      nicolae_cairo_tiling_large_dashed, layout_cave_pools,
          minmay_misc_feat_rows, uniq_robin, uniq_crazy_yiuf_cottage

Skill      XL: |  1  2  3  4 |
---------------+-------------+-----
Dodging        | 3 |  3.7
Polearms       | 4 |  4.6
Stealth        | 1 |  1.2
Fighting       | |  2.7
Throwing       | |  1.8

Action                     |  1- 3 |  4- 6 || total
---------------------------+-------+-------++-------
  Melee: Trident           |    87 |    83 ||   170
         Tailslap          |     5 |     8 ||    13
         Punch             |     1 |     1 ||     2
    Use: Scroll            |     4 |     3 ||     7
         Potion            |       |     1 ||     1
   Stab: Sleeping          |     2 |     4 ||     6
 Armour: Skin              |    17 |     8 ||    25
  Dodge: Dodged            |    44 |    66 ||   110
  Block: Other             |       |    10 ||    10
